 Dungeon Crawl Stone Soup version 0.29.1-2-gbd0b4ee654 (webtiles) character file.

Game seed: 5363152148075125891

3168 MajorAdolf the Zephyrmancer (level 9, 0/73 HPs)
             Began as a Naga Wanderer on Nov 28, 2022.
             Was a Priest of Sif Muna.
             Slain by an orc warrior
             ... wielding a +0 broad axe
              (10 damage)
             ... in a bailey.
             The game lasted 00:24:20 (11772 turns).

MajorAdolf the Zephyrmancer (Naga Wanderer)        Turns: 11772, Time: 00:24:20

Health: 0/73       AC:  9    Str: 12    XL:     9   Next: 94%
Magic:  10/16      EV:  9    Int: 20    God:    Sif Muna [***...]
Gold:   368        SH:  6    Dex: 10    Spells: 17/18 levels left

rFire   . . .      SeeInvis +   x - +0 dagger (venom)
rCold   . . .      Faith    .   e - +1 buckler {AC+3}
rNeg    . . .      Spirit   .   d - +0 robe
rPois   +          Reflect  .   (no helmet)
rElec   .          Harm     .   b - +0 cloak
rCorr   .          Rampage  .   w - +0 pair of gloves
Will    +....                   (no barding)
Stlth   +++.......              (no amulet)
HPRegen 0.22/turn               (no ring)
MPRegen 0.15/turn               (no ring)

@: very slow
A: AC +3, large, see invisible, deformed body, poison resistance, slowness 2,
spit poison 1, naga tail 1
a: Spit Poison, Renounce Religion, Channel Magic, Forget Spell


You were in a bailey.
You worshipped Sif Muna.
Sif Muna was most pleased with you.
You visited 2 branches of the dungeon, and saw 8 of its levels.
You also visited: Ossuary and Bailey.

You collected 368 gold pieces.

Inventory:

Hand Weapons
 x - a +0 dagger of venom (weapon)
 z - a +3 short sword
 E - a +2 dagger of freezing
Missiles
 l - 15 poisoned darts
Armour
 b - a +0 cloak (worn)
 d - a +0 robe (worn)
 e - a +1 buckler of protection (worn)
 w - a +0 pair of gloves (worn)
Jewellery
 m - an amulet of guardian spirit
 t - a ring of flight
Wands
 C - a wand of digging (4)
 D - a wand of roots (6)
Scrolls
 f - 2 scrolls of fog
 g - 2 scrolls of blinking
 h - 3 scrolls of teleportation
 k - a scroll of fear
 r - a scroll of enchant weapon {unknown}
 v - 3 scrolls of amnesia
 B - a scroll of vulnerability {unknown}
 G - a scroll of brand weapon {unknown}
Potions
 a - 4 potions of mutation {unknown}
 c - 3 potions of attraction
 i - 2 potions of degeneration {unknown}
 j - 4 potions of invisibility {unknown}
 n - 2 potions of ambrosia {unknown}
 o - 4 potions of curing {unknown}
 p - a potion of might {unknown}
 q - 3 potions of brilliance {unknown}
 s - 4 potions of heal wounds {unknown}
 u - 2 potions of haste {unknown}
 F - a potion of berserk rage {unknown}
 H - a potion of lignification {unknown}


   Skills:
 - Level 2.0 Fighting
 - Level 5.0 Stealth
 + Level 8.3 Shields
 - Level 5.0 Spellcasting
 + Level 9.1 Air Magic


You had 17 spell levels left.
You knew the following spells:

 Your Spells              Type           Power      Damage    Failure   Level
a - Shock                 Conj/Air       92%        1d8       1%          1

Your spell library contained the following spells:

 Spells                   Type           Power      Damage    Failure   Level
 Swiftness                Air            41%        N/A       1%          3
 Apportation              Tloc           10%        N/A       13%         1
 Necrotise                Necr           20%        1d5       13%         1
 Summon Small Mammal      Summ           20%        N/A       13%         1
 Ensorcelled Hibernation  Hex/Ice        10%        N/A       21%         2
 Passwall                 Tmut/Erth      4%         N/A       21%         2
 Dispersal                Tloc           2%         N/A       100%        6
 Disjunction              Tloc           2%         N/A       100%        8


Dungeon Overview and Level Annotations

Branches:
Dungeon (7/15)             Temple (1/1) D:4         Ossuary (visited)
 Bailey (1/1)

Altars:
Cheibriados
Elyvilon
Fedhas
Gozag
Hepliaklqana
Kikubaaqudgha
Makhleb
Nemelex Xobeh
Okawaru
Qazlal
Sif Muna
Trog
Uskayaw
Vehumet
Wu Jian
Xom
Yredelemnul
The Shining One

Shops:
D:5 *

Annotations:
D:6 exclusion: hydra


Innate Abilities, Weirdness & Mutations

Your serpentine skin is tough. (AC +3)
You have supernaturally acute eyesight. (SInv)
Armour fits poorly on your strangely shaped body.
Your system is resistant to poisons. (rPois)
You cover ground very slowly.
You can spit poison.
You have a snake-like lower body.


Message History

You block the orc warrior's attack.
Unknown command.
Casting: Shock (safe; 1% risk of failure)
Confirm with . or Enter, or press ? or * to list all spells.
Aiming: Shock (safe; 1% risk of failure)
Press: ? - help, Shift-Dir - straight line, f - orc warrior
Aim: an orc warrior, wielding a +0 broad axe and wearing a +0 chain mail (moderately wounded, 71% to hit)
Okay, then.
The orc warrior attacks as you move away!
The orc warrior hits you with a +0 broad axe.
The orc warrior hits you with a +0 broad axe!
* * * LOW HITPOINT WARNING * * *
Casting: Shock (safe; 1% risk of failure)
Confirm with . or Enter, or press ? or * to list all spells.
Aiming: Shock (safe; 1% risk of failure)
Press: ? - help, Shift-Dir - straight line The zap misses the orc warrior.
The zap hits the orc warrior but does no damage.
The orc warrior is moderately wounded.
The orc warrior closely misses you.
Unknown command.
Casting: Shock (safe; 1% risk of failure)
Confirm with . or Enter, or press ? or * to list all spells.
Aiming: Shock (safe; 1% risk of failure)
Press: ? - help, Shift-Dir - straight line The zap hits the orc warrior.
The orc warrior is moderately wounded.
The zap hits the orc warrior but does no damage.
The orc warrior is moderately wounded.
The orc warrior hits you with a +0 broad axe!
* * * LOW HITPOINT WARNING * * *
Okay, then.
Aiming: Fastroot
Press: ? - help, Shift-Dir - straight line The roots erupt in riotous growth!
Roots grab the orc warrior.
The grasping roots constrict the orc warrior.
You hear a shout! x2
The orc warrior hits you with a +0 broad axe!
You die...

.# .)# .)# ##'# #.)#
#.8# .# #..# ..#
#.8#### ###8.#
#..o@.#######.....#
#.8)..#.....#...8.#
#...).#.....#.....
####..#..⌠..#).#
#..'.....'..#
#..'...).'..#
#####+++#####
#...........#
#####~~~~...~~~~######


You could see an orc warrior (rooted).

Vanquished Creatures
  A hornet (D:7)
  A water moccasin (D:7)
  2 black bears
  5 ice beasts
  3 ogres
  2 centaurs (D:6)
  2 phantoms (D:5)
  A bullfrog (D:6)
  2 necrophages
  4 scorpions
  3 water moccasin zombies (Ossuary)
  2 wights (D:7)
  An electric eel (Bailey)
  3 howler monkeys
  5 hounds (D:5)
  4 orc priests
  A jelly (D:7)
  A gnoll bouda (D:6)
  4 iguanas
  5 orc wizards
  2 mummies (Ossuary)
  A gnoll (D:2)
  6 adders
  A shadow imp (D:6)
  3 white imps
  2 ufetubi
  9 adder zombies (Ossuary)
  3 worms
  7 dart slugs
  12 orcs
  4 bats
  10 endoplasms
  2 giant cockroaches
  4 gnoll zombies (Ossuary)
  13 goblins
  8 hobgoblins
  5 kobolds
  5 quokkas
  8 ball pythons
  5 frilled lizards
  2 goblin skeletons (D:6)
  2 goblin zombies (D:6)
  6 hobgoblin zombies
  3 kobold zombies
  7 orc zombies
  3 rats
185 creatures vanquished.

Vanquished Creatures (others)
  A withered plant (D:3)
1 creature vanquished.

Grand Total: 186 creatures vanquished

Notes
Turn   | Place    | Note
-------+----------+-------------------------------------------
     0 | D:1      | MajorAdolf the Naga Wanderer began the quest for the Orb.
     0 | D:1      | MajorAdolf set off with the following items: a +0 club, a
                  | +0 cloak, a potion of attraction, a +0 robe, a +0 buckler
                  | of protection; and the following spell memorised: Shock;
                  | and the following spells available to memorise: Swiftness.
     0 | D:1      | Reached XP level 1. HP: 19/19 MP: 2/2
   124 | D:1      | Reached XP level 2. HP: 15/26 MP: 0/4
   839 | D:1      | Reached XP level 3. HP: 28/32 MP: 4/6
  1347 | D:2      | Reached skill level 3 in Air Magic
  1916 | D:3      | Found a basalt altar of Yredelemnul.
  2276 | D:3      | Reached XP level 4. HP: 39/39 MP: 3/7
  2790 | D:3      | Found a faded altar of an unknown god.
  3413 | D:4      | Found an ancient bone altar of Kikubaaqudgha.
  3430 | D:4      | Reached XP level 5. HP: 42/45 MP: 4/9
  3754 | D:4      | Found a white marble altar of Elyvilon.
  4132 | D:4      | Found a shimmering altar of Xom.
  4525 | D:4      | Found a staircase to the Ecumenical Temple.
  4562 | Temple   | Entered the Ecumenical Temple
  4784 | Temple   | Became a worshipper of Sif Muna the Loreminder
  5084 | D:5      | Entered Level 5 of the Dungeon
  5113 | D:5      | Reached skill level 4 in Air Magic
  5128 | D:5      | Found Buudappuag's Assorted Antiques.
  5140 | D:5      | Found a sand-covered staircase.
  5254 | Ossuary  | Entered an ossuary
  5547 | Ossuary  | Reached XP level 6. HP: 35/52 MP: 3/11
  5655 | Ossuary  | Reached * piety under Sif Muna
  6613 | Ossuary  | Reached XP level 7. HP: 60/60 MP: 0/12
  7068 | D:5      | Reached skill level 5 in Stealth
  7409 | D:5      | Reached skill level 5 in Air Magic
  7646 | D:5      | Reached skill level 5 in Shields
  7646 | D:5      | Reached XP level 8. HP: 67/67 MP: 1/15
  7762 | D:5      | Reached ** piety under Sif Muna
  7965 | D:5      | Reached skill level 5 in Spellcasting
  8064 | D:5      | Reached skill level 6 in Air Magic
  9094 | D:6      | Reached skill level 7 in Air Magic
  9135 | D:6      | Reached XP level 9. HP: 73/73 MP: 4/16
  9387 | D:6      | Reached skill level 8 in Air Magic
  9773 | D:6      | Found a burning altar of Makhleb.
 10104 | D:6      | Found a glowing golden altar of the Shining One.
 10240 | D:6      | Noticed an eight-headed hydra
 10487 | D:7      | Noticed a hornet
 10493 | D:7      | Killed a hornet
 10582 | D:7      | Reached *** piety under Sif Muna
 10600 | D:7      | Reached skill level 9 in Air Magic
 10716 | D:7      | Found a flagged portal.
 10725 | Bailey   | Entered a bailey
 11772 | Bailey   | Slain by an orc warrior

Illustrated notes

Levels and vault maps discovered:
D:1:      ncdulo_watergridlock, layout_rooms, st_stairs_10, minmay_misc_feat_iff
D:2:      layout_loops_corners, basic_altar
D:3:      minmay_recursive_quarters, layout_loops_ring,
          yredelemnul_altar_generic, hellmonk_ecumenical_altar_zigzags,
          minivault_27
D:4:      layout_basic, elyvilon_altar_3, tgw_xom, lemuel_tele_altar,
          minmay_temple_entry_slanted, serial_bayou_pond_d, chequers_mini_garden
D:5:      layout_loops_cross, nicolae_overflow_hidden_temple, enter_ossuary_2,
          serial_shops, shop, minmay_fractal_squares_diagonal_5
D:6:      wad_guarded_room, layout_rooms, mainiacjoe_overflow_alcove_2,
          nicolae_tso_besieged_by_evil
D:7:      layout_loops_corners, enter_bailey_8
Temple:   nicolae_temple_hex_pool
Bailey:   bailey_axe_of_yendor_kennysheep, bailey

Skill      XL: |  1  2  3  4  5  6  7  8  9 |
---------------+----------------------------+-----
Spellcasting   | 2 3 4 5 |  5.0
Air Magic      | 3 4 5 7 9 |  9.1
Stealth        | 3 4 5 |  5.0
Shields        | 4 5 6 8 |  8.3
Fighting       | |  2.0

Action                   |  1- 3 |  4- 6 |  7- 9 || total
-------------------------+-------+-------+-------++-------
Melee: Dagger            |    18 |    25 |    43 ||    86
       Short sword       |       |       |    76 ||    76
 Cast: Shock             |    37 |   199 |   251 ||   487
 Abil: Spit Poison       |    20 |    12 |    29 ||    61
Evoke: Wand              |       |       |     1 ||     1
  Use: Scroll            |       |     5 |     5 ||    10
Armor: Robe              |     9 |    41 |   117 ||   167
Dodge: Dodged            |    18 |    58 |   102 ||   178
Block: Buckler           |       |    24 |    56 ||    80
